 Dungeon Crawl Stone Soup version 0.27-a0-828-g8289197e94 (webtiles) character file.

Game seed: 4402518341880619183

100975 robertstho the Severer (level 15, -2/225 HPs)
             Began as a Minotaur Berserker on Mar 30, 2021.
             Was a High Priest of Trog.
             Succumbed to poison
             ... while paralysed by a fenstrider witch
             ... on level 2 of the Swamp.
             The game lasted 00:45:26 (28271 turns).

robertstho the Severer (Minotaur Berserker)        Turns: 28271, Time: 00:45:27

Health: -2/225     AC: 26    Str: 30    XL:     15   Next: 82%
Magic:  14/14      EV:  2    Int: 11    God:    Trog [*****.]
Gold:   1037       SH:  0    Dex: 19    Spells: 14/14 levels left

rFire    . . .     SeeInvis +   b - +2 battleaxe (flame)
rCold    . . .     Faith    .   (shield currently unavailable)
rNeg     . . .     Spirit   .   S - +1 plate armour {rPois}
rPois    +         Reflect  +   (helmet restricted)
rElec    .         Harm     .   f - +0 cloak
rCorr    .         Rampage  .   J - +0 pair of gloves of Relativism {Dex+8}
Will     +....                  (no boots)
Stlth    ..........             P - amulet of reflection
HPRegen  0.47/turn              e - +4 ring of protection
MPRegen  0.14/turn              F - ring "Tuabit" {Str+4 Int+6 SInv}

@: paralysed, berserking (expiring), lethally poisoned (-2 -> -22), very slow
A: horns 2, retaliatory headbutt
a: Renounce Religion, Berserk, Trog's Hand, Brothers in Arms


You were on level 2 of the Swamp.
You worshipped Trog.
Trog was extremely pleased with you.
You visited 4 branches of the dungeon, and saw 25 of its levels.
You visited the Abyss 1 time.
You also visited: Sewer and Ice Cave.

You collected 2201 gold pieces.
You spent 1164 gold pieces at shops.

Inventory:

Hand Weapons
 b - a +2 battleaxe of flaming (weapon)
 d - a +2 antimagic executioner's axe
 U - a +6 antimagic broad axe
Armour
 f - a +0 cloak (worn)
 w - the +0 pair of gloves of the Green Jabberwock {Harm *Drain rElec Str+6}
   (You found it on level 10 of the Dungeon)

   It affects your strength (+6).
   It insulates you from electricity.
   It drains your maximum health when unequipped.
   It increases damage dealt and taken.
 J - the +0 pair of gloves of Relativism (worn) {Dex+8}
   (You found it on level 13 of the Dungeon)

   It affects your dexterity (+8).
 L - a +0 tower shield
 S - a +1 plate armour of poison resistance (worn)
Jewellery
 e - a +4 ring of protection (left hand)
 s - a ring of protection from fire
 z - a +6 ring of strength
 D - a ring of ice
 F - the ring "Tuabit" (right hand) {Str+4 Int+6 SInv}
   (You acquired it on level 15 of the Dungeon)

   [ring of intelligence]

   It affects your strength (+4).
   It affects your intelligence (+6).
   It lets you see invisible.
 N - a ring of resist corrosion
 P - an amulet of reflection (around neck)
 Q - the ring of the Final Decision {rPois rN+ MP+9 Str-3 Int+3}
   (You acquired it on level 15 of the Dungeon)

   [ring of poison resistance]

   It affects your strength (-3).
   It affects your intelligence (+3).
   It protects you from poison.
   It protects you from negative energy.
   It affects your magic capacity (+9).
Wands
 o - a wand of polymorph (9)
 t - a wand of iceblast (23)
 u - a wand of mindburst (20)
 v - a wand of digging (8)
 O - a wand of acid (6)
Scrolls
 a - 3 scrolls of immolation
 g - 11 scrolls of teleportation
 j - 3 scrolls of fear
 m - 5 scrolls of holy word
 n - a scroll of enchant armour
 q - 2 scrolls of enchant weapon
 r - 2 scrolls of fog
 x - 6 scrolls of magic mapping
 A - 2 scrolls of summoning
 E - 3 scrolls of identify
 H - a scroll of blinking
 M - a scroll of brand weapon
 X - a scroll of silence
Potions
 c - a potion of heal wounds
 h - 6 potions of ambrosia
 i - 3 potions of magic
 k - 12 potions of curing
 l - 6 potions of flight
 B - a potion of cancellation
 C - 3 potions of haste
 G - a potion of mutation
 K - a potion of invisibility
 T - 3 potions of resistance
 Z - a potion of might
Miscellaneous
 p - a lightning rod (4/4)
 Y - a box of beasts


   Skills:
 * Level 18.3 Fighting
 + Level 19.6(19.7) Axes
 + Level 3.5(13.7) Maces & Flails
 * Level 16.5 Armour
 + Level 6.9 Dodging
 + Level 3.1 Shields
 + Level 0.3 Evocations


You had 14 spell levels left.
You didn't know any spells.
Your spell library was empty.

Dungeon Overview and Level Annotations

Branches:
Dungeon (15/15)            Temple (0/1) D:6            Lair (6/6) D:9
  Swamp (1/4) Lair:2       Spider (0/4) Lair:3        Slime (0/5) Lair:5
    Orc (2/2) D:12            Elf (0/3) Orc:2        Vaults (0/5) D:13
 Depths (0/5) D:15          Sewer (visited)           IceCv (visited)

Altars:
Ashenzari
Cheibriados
Dithmenos
Elyvilon
Fedhas
Hepliaklqana
Kikubaaqudgha
Okawaru
Qazlal
Ru
Uskayaw
Wu Jian
Xom
Yredelemnul
Beogh
Jiyva

Shops:
D:8 *   D:9 ?   D:11 :   D:13 !   D:14 =   Orc:1 :   Orc:2 (!*[

Portals:
Trove: D:10 (give 16 scrolls of teleportation)

Annotations:
D:14 exclusion: orange crystal statue
Lair:2 2 runed translucent doors, varamyr's ghost, journeyman GrFE
Lair:3 2 transporters, Sizxitze's ghost, journeyman MfMo


Innate Abilities, Weirdness & Mutations

You have a pair of horns on your head.
You reflexively headbutt those who attack you in melee.


Message History

The fenstrider witch is almost dead.
You fester in the toxic bog.
You partially resist.
You are more poisoned.
You feel sick.
The fenstrider witch gestures at you while chanting.
You suddenly lose the ability to move!
You fester in the toxic bog!
You partially resist.
You are more poisoned.
You feel very sick.
The fenstrider witch hits you but does no damage.
The fenstrider witch kicks you!
* * * LOW HITPOINT WARNING * * *
You feel very sick.
The fenstrider witch hits you but does no damage.
The fenstrider witch kicks you!
* * * LOW HITPOINT WARNING * * *
The fenstrider witch gestures at you while chanting.
You struggle to resist.
You feel very sick.
The fenstrider witch casts a spell at you.
You barely resist.
You feel very sick.
The fenstrider witch gestures at you while chanting.
The toxic sludge hits you.
You are more poisoned.
You partially resist.
* * * LOW HITPOINT WARNING * * *
Splash!
You fall into the toxic bog.
Moving in this stuff is going to be slow.
You fester in the toxic bog!
You partially resist.
You are more poisoned.
You feel very sick. The fenstrider witch hits you.
* * * LOW HITPOINT WARNING * * *
The fenstrider witch kicks you!
* * * LOW HITPOINT WARNING * * *
The swamp worm bites you but does no damage.
You fester in the toxic bog!
You partially resist.
You are more poisoned.
* * * LOW HITPOINT WARNING * * *
You die...

♣♣ ♣♣♣♣ ♣♣♣♣≈♣
♣♣♣♣≈..♣
♣♣.♣≈..♣§♣....≈.
♣.≈(♣.§≈....≈.≈§
♣...≈?..≈......
♣♣.≈...♣.≈.§...
♣≈≈...≈≈w.≈.≈..
♣♣..♣≈≈@♣§≈.≈..
♣......H≈.≈...
♣♣.≈≈.≈♣.♣≈...
♣♣♣≈..♣♣.....
♣♣.♣♣ ..≈.≈ ♣♣♣
...≈ ... #♣#


You could see a fenstrider witch and a swamp worm.

Vanquished Creatures
  Louise (D:15)
  A very ugly thing (D:14)
  A bunyip (Swamp:2)
  The ghost of Drazool the Pandemonic, a journeyman DsGl of Makhleb (D:13)
  The ghost of Pooter the Cleaver, a journeyman MiFi of Okawaru (Lair:1)
  2 boulder beetles
  8 hydras
  5 centaur warriors
  3 ogre magi
  2 alligators (Swamp:1)
  A vampire mage (Abyss:3)
  6 death yaks (Lair:5)
  7 two-headed ogres
  2 orc high priests
  Nergalle (Lair:1)
  A goliath frog (Swamp:1)
  A deep elf archer (D:13)
  A bog body (Lair:2)
  A deep troll (shapeshifter) (D:15)
  2 necromancers
  2 wizards
  2 deep elf pyromancers
  Pikel (D:5)
  7 orc sorcerers
  2 orc knights (D:13)
  2 manticores
  10 cyclopes
  25 ugly things
  10 elephants
  4 black mambas
  3 ice statues (IceCv)
  2 gargoyles (D:12)
  A naga mage (D:15)
  2 centaur skeletons (D:15)
  A yaktaur (shapeshifter) (D:14)
  9 cane toads
  An unseen horror (D:13)
  3 kobold demonologists
  An efreet (D:13)
  A guardian mummy (D:10)
  A rime drake (Lair:5)
  A freezing wraith (D:15)
  8 komodo dragons
  5 yaktaurs
  9 ice devils (IceCv)
  A tyrant leech (Swamp:1)
  3 meliai (D:14)
  A jumping spider (Lair:3)
  6 trolls
  6 polar bears
  A hornet (D:10)
  A dream sheep (Lair:5)
  8 slime creatures
  2 centaur simulacra
  3 shadows
  4 wyverns
  40 yaks
  A redback (Lair:3)
  Eustachio (D:5)
  A wraith (D:12)
  A chaos spawn (D:15)
  A steam dragon (D:8)
  2 basilisks
  14 vampire mosquitoes
  6 wargs
  5 swamp worms (Swamp:1)
  2 acid dragons
  15 water moccasins
  A swamp drake (Swamp:1)
  A black bear (D:5)
  8 ice beasts (Lair:2)
  18 orc warriors
  Purgy (Sewer)
  3 sky beasts
  12 centaurs
  10 ogres
  4 boggarts (D:10)
  A phantom (D:7)
  15 bullfrogs
  4 kobold brigands
  4 scorpions
  A hornet simulacrum (D:15)
  23 killer bees
  A water moccasin skeleton (D:7)
  7 wights (D:9)
  9 howler monkeys
  4 centaur zombies
  A bullfrog zombie (D:6)
  3 draconian simulacra (IceCv)
  17 orc priests
  8 jellies
  A bullfrog skeleton (D:7)
  2 hounds (D:6)
  3 iguanas
  28 orc wizards
  2 troll simulacra (IceCv)
  6 adders
  A naga simulacrum (IceCv)
  3 ogre simulacra (IceCv)
  A worm (D:3)
  3 dart slugs
  47 orcs
  3 bats
  10 endoplasms
  7 giant cockroaches
  7 goblins
  7 hobgoblins
  5 jackals (D:1)
  2 quokkas
  7 ball pythons
  5 frilled lizards
  20 kobolds
  4 rats
616 creatures vanquished.

Vanquished Creatures (collateral kills)
  A hydra (Lair:5)
  A two-headed ogre (D:12)
  An orc knight (D:13)
  A deep elf zephyrmancer (D:13)
  A komodo dragon (Lair:5)
  3 slime creatures (D:12)
  3 dream sheep (Lair:5)
  A centaur simulacrum (D:13)
  A centaur (D:13)
  An orc (D:13)
14 creatures vanquished.

Vanquished Creatures (others)
  9 fungi
  42 plants
51 creatures vanquished.

Grand Total: 681 creatures vanquished

Notes
Turn   | Place    | Note
-------+----------+-------------------------------------------
     0 | D:1      | robertstho the Minotaur Berserker began the quest for the
                  | Orb.
     0 | D:1      | Reached XP level 1. HP: 19/19 MP: 0/0
   245 | D:1      | Reached XP level 2. HP: 23/27 MP: 1/1
   560 | D:1      | Reached skill level 4 in Axes
  1099 | D:2      | Reached XP level 3. HP: 33/33 MP: 2/2
  1128 | D:2      | Found an ancient bone altar of Kikubaaqudgha.
  1128 | D:2      | Found a blossoming altar of Fedhas.
  1375 | D:2      | Reached ** piety under Trog
  1953 | D:3      | Noticed a scorpion
  1955 | D:3      | Reached XP level 4. HP: 41/41 MP: 3/3
  1955 | D:3      | Found a glowing drain.
  1964 | D:3      | Killed a scorpion
  1965 | D:3      | Reached skill level 5 in Axes
  1987 | D:3      | Reached skill level 5 in Fighting
  1990 | D:3      | Reached XP level 5. HP: 15/48 MP: 4/4
  2003 | Sewer    | Entered a sewer
  2213 | Sewer    | Noticed Purgy
  2223 | Sewer    | Killed Purgy
  2680 | D:3      | Found a hide-covered altar of Uskayaw.
  2905 | D:3      | Noticed an orc warrior
  2909 | D:3      | Reached XP level 6. HP: 53/56 MP: 5/5
  2912 | D:3      | Found a snail-covered altar of Cheibriados.
  2915 | D:3      | Killed an orc warrior
  2916 | D:3      | Reached skill level 6 in Axes
  3229 | D:4      | Identified the +2 chain mail of the Rose {-Tele rC+ rCorr}
  3750 | D:4      | Found a stormy altar of Qazlal.
  3760 | D:4      | Reached *** piety under Trog
  3906 | D:5      | Entered Level 5 of the Dungeon
  3907 | D:5      | Noticed a sky beast
  3914 | D:5      | Reached XP level 7. HP: 63/63 MP: 6/6
  3918 | D:5      | Reached skill level 7 in Axes
  4051 | D:5      | Noticed Pikel
  4062 | D:5      | Killed Pikel
  4063 | D:5      | Reached skill level 8 in Axes
  4063 | D:5      | Reached skill level 5 in Armour
  4063 | D:5      | Reached XP level 8. HP: 51/73 MP: 7/7
  4393 | D:5      | Reached skill level 9 in Axes
  4634 | D:5      | Found a hazy altar of Hepliaklqana.
  4635 | D:5      | Found a shadowy altar of Dithmenos.
  4850 | D:5      | Noticed Eustachio
  4865 | D:5      | Killed Eustachio
  5061 | D:6      | Found an ornate altar of the Wu Jian Council.
  5113 | D:6      | Found a staircase to the Ecumenical Temple.
  5183 | D:6      | Reached XP level 9. HP: 67/82 MP: 8/8
  5522 | D:6      | Found a sacrificial altar of Ru.
  5523 | D:6      | Found a white marble altar of Elyvilon.
  5543 | D:6      | Reached **** piety under Trog
  5865 | D:7      | Found a broken altar of Ashenzari.
  5879 | D:7      | Reached skill level 10 in Axes
  5923 | D:7      | Noticed a komodo dragon
  5938 | D:7      | Killed a komodo dragon
  6408 | D:7      | Noticed a komodo dragon
  6416 | D:7      | Killed a komodo dragon
  6427 | D:7      | Identified the -6 pair of gloves of Yvaucs {rElec}
  7224 | D:8      | Reached skill level 11 in Axes
  7276 | D:8      | Found an iron altar of Okawaru.
  7393 | D:8      | Identified the +4 scale mail "Oluecu" {Dex+2}
  7407 | D:8      | Reached XP level 10. HP: 42/92 MP: 9/9
  7712 | D:8      | Found Lisuil Biuvu's Assorted Antiques.
  8272 | D:9      | Found Tiynes's Magic Scroll Boutique.
  8288 | D:9      | Bought a scroll of identify for 26 gold pieces
  8288 | D:9      | Bought a scroll of identify for 26 gold pieces
  8288 | D:9      | Bought a scroll of identify for 26 gold pieces
  8288 | D:9      | Bought a scroll of identify for 26 gold pieces
  8288 | D:9      | Bought a scroll of identify for 26 gold pieces
  8288 | D:9      | Bought a scroll of noise for 13 gold pieces
  8288 | D:9      | Bought a scroll of blinking for 97 gold pieces
  8288 | D:9      | Bought a scroll of teleportation for 39 gold pieces
  8288 | D:9      | Bought a scroll of amnesia for 45 gold pieces
  8370 | D:9      | Reached skill level 10 in Fighting
  8770 | D:9      | Found a staircase to the Lair.
  8780 | D:9      | Reached skill level 12 in Axes
  9338 | D:10     | Entered Level 10 of the Dungeon
  9352 | D:10     | Paralysed by a hornet for 3 turns
  9405 | D:10     | Reached skill level 10 in Armour
  9609 | D:10     | Noticed a two-headed ogre
  9912 | D:10     | Found a portal to a secret trove of treasure.
  9923 | D:10     | Reached skill level 13 in Axes
 10003 | D:10     | Identified the +0 pair of gloves of the Green Jabberwock
                  | {Harm *Drain rElec Str+6}
 10061 | D:10     | Reached ***** piety under Trog
 10065 | D:10     | Reached XP level 11. HP: 102/102 MP: 10/10
 10154 | D:10     | Reached skill level 5 in Dodging
 10523 | D:11     | Found Seocw's Book Emporium.
 10759 | D:11     | Reached skill level 14 in Axes
 11255 | D:11     | Noticed a two-headed ogre
 11262 | D:11     | Killed a two-headed ogre
 11750 | D:12     | Reached XP level 12. HP: 115/115 MP: 11/11
 11758 | D:12     | Found a staircase to the Orcish Mines.
 12011 | D:12     | Noticed a two-headed ogre
 12018 | D:12     | Killed a two-headed ogre
 12019 | D:12     | Reached skill level 15 in Axes
 12037 | D:12     | Noticed a two-headed ogre
 12041 | D:12     | Killed a two-headed ogre
 12041 | D:12     | Identified the +14 dire flail "Noosipto" {vorpal, Str-5
                  | Dex+9 SInv} (Trog gifted it to you on level 12 of the
                  | Dungeon)
 12041 | D:12     | Received a gift from Trog
 12702 | D:13     | Noticed a centaur warrior
 12711 | D:13     | Killed a centaur warrior
 12810 | D:13     | Noticed a centaur warrior
 12863 | D:13     | Found Jiot Paz's Distillery.
 12872 | D:13     | Bought a potion of curing for 51 gold pieces
 12872 | D:13     | Bought a potion of heal wounds for 85 gold pieces
 12872 | D:13     | Bought a potion of curing for 51 gold pieces
 12911 | D:13     | Killed a centaur warrior
 13301 | D:13     | Found a runed translucent gate.
 13301 | D:13     | Noticed Drazool's ghost (journeyman DsGl)
 13302 | D:13     | Found a runed translucent gate.
 13302 | D:13     | Identified the +4 plate armour "Xarr" {Harm}
 13303 | D:13     | Found a runed translucent gate.
 13346 | D:13     | Noticed a centaur warrior
 13351 | D:13     | Killed a centaur warrior
 13873 | D:13     | Found a gate to the Vaults.
 13888 | D:13     | Reached skill level 16 in Axes
 14101 | D:13     | Noticed an eight-headed hydra
 14110 | D:13     | Killed an eight-headed hydra
 14305 | D:9      | Bought 3 scrolls of identify for 78 gold pieces
 14305 | D:9      | Bought a scroll of blinking for 97 gold pieces
 14345 | Lair:1   | Entered Level 1 of the Lair of Beasts
 14369 | Lair:1   | Noticed Nergalle
 14388 | Lair:1   | Killed Nergalle
 14389 | Lair:1   | Reached XP level 13. HP: 98/123 MP: 12/12
 14668 | Lair:1   | You fall into a shaft and drop 1 floor!
 14821 | Lair:2   | Found a frozen archway.
 14825 | Lair:2   | Reached skill level 1 in Maces & Flails
 14842 | IceCv    | Entered an ice cave
 15526 | IceCv    | Received a gift from Trog
 15527 | IceCv    | Reached skill level 15 in Fighting
 15819 | Lair:2   | Found a staircase to the Swamp.
 15998 | Lair:2   | Found a runed translucent gate.
 15998 | Lair:2   | Noticed varamyr's ghost (journeyman GrFE)
 16000 | Lair:2   | Found a runed translucent gate.
 16024 | Lair:2   | You fall into a shaft and drop 1 floor!
 16330 | Lair:3   | Identified the +1 leather armour "Iteevov" {+Fly}
 16354 | Lair:3   | Noticed Sizxitze's ghost (journeyman MfMo)
 16903 | Lair:3   | Found a hole to the Spider Nest.
 16922 | Lair:3   | Reached skill level 17 in Axes
 17060 | Lair:3   | Found a transporter.
 17142 | Lair:3   | Found a transporter.
 17761 | Lair:4   | Reached skill level 1 in Shields
 18495 | Lair:4   | Reached XP level 14. HP: 130/136 MP: 4/13
 19298 | Lair:5   | Found a staircase to the Slime Pits.
 19615 | Lair:6   | Entered Level 6 of the Lair of Beasts
 19732 | Lair:5   | HP: 5/138 [dream sheep (3)]
 19733 | Lair:5   | HP: 2/138 [seven-headed hydra (3)]
 20261 | Lair:1   | Received a gift from Trog
 20475 | Lair:1   | Found a runed translucent gate.
 20475 | Lair:1   | Found a runed translucent gate.
 20481 | Lair:1   | Found a runed translucent gate.
 20829 | Lair:1   | Found a viscous altar of Jiyva.
 20829 | Lair:1   | Noticed Pooter's ghost (journeyman MiFi)
 20846 | Lair:1   | Killed Pooter's ghost
 20856 | Lair:1   | Reached skill level 15 in Armour
 21051 | Orc:1    | Entered Level 1 of the Orcish Mines
 21173 | Orc:1    | Paralysed by an orc sorcerer for 2 turns
 21221 | Orc:1    | Found Tetret's Book Emporium.
 21604 | Orc:2    | Entered Level 2 of the Orcish Mines
 21800 | Orc:2    | Found a staircase to the Elven Halls.
 21959 | Orc:2    | Received a gift from Trog
 21959 | Orc:2    | Paralysed by an orc sorcerer for 7 turns
 22561 | Orc:2    | Found Fuqubb's General Store.
 22561 | Orc:2    | Found Kieq's Antique Weapon Shoppe.
 22562 | Orc:2    | Found Utuucag's Distillery.
 22566 | Orc:2    | Found Keosm's Antique Armour Emporium.
 22569 | Orc:2    | Bought a +2 battleaxe of flaming for 331 gold pieces
 22569 | Orc:2    | Bought a scroll of teleportation for 42 gold pieces
 22569 | Orc:2    | Bought a scroll of enchant armour for 105 gold pieces
 22845 | D:14     | Found a large runed translucent door.
 22845 | D:14     | Found a large runed translucent door.
 22858 | D:14     | Found Ekhafuf's Jewellery Shoppe.
 22922 | D:14     | Found a shimmering altar of Xom.
 22931 | D:14     | Reached skill level 18 in Axes
 22945 | D:14     | Noticed a brown very ugly thing
 22958 | D:14     | Killed a brown very ugly thing
 23810 | D:14     | Found a basalt altar of Yredelemnul.
 24429 | D:13     | Reached XP level 15. HP: 147/147 MP: 4/14
 25182 | D:13     | Killed Drazool's ghost
 25205 | D:13     | Identified the +0 pair of gloves of Relativism {Dex+8}
 25488 | D:15     | Entered Level 15 of the Dungeon
 26081 | D:15     | Paralysed by an orc sorcerer for 4 turns
 26177 | D:15     | Found a staircase to the Depths.
 26313 | D:15     | Reached skill level 19 in Axes
 26704 | D:15     | Noticed Louise
 26712 | D:15     | Cast into level 3 of the Abyss (Louise)
 26741 | Abyss:3  | Noticed a tentacled starspawn
 26746 | D:15     | Escaped the Abyss
 26760 | D:15     | Killed Louise
 26769 | D:15     | Identified 2 scrolls of acquirement
 26770 | D:15     | Acquired the ring of the Final Decision {rPois rN+ MP+9
                  | Str-3 Int+3}
 26772 | D:15     | Acquired the ring "Tuabit" {Str+4 Int+6 SInv}
 27650 | Swamp:1  | Entered Level 1 of the Swamp
 28241 | Swamp:1  | You fall into a shaft and drop 1 floor!
 28260 | Swamp:2  | Noticed a fenstrider witch
 28265 | Swamp:2  | Paralysed by a fenstrider witch for 7 turns
 28270 | Swamp:2  | HP: 11/225 [fenstrider witch (8)]
 28271 | Swamp:2  | HP: 3/225 [something (8)]
 28271 | Swamp:2  | Succumbed to poison

Illustrated notes

Levels and vault maps discovered:
D:1:      beargit_arrival_greenhouse, layout_basic
D:2:      layout_loops_ring, grunt_temple_overflow_growth_and_decay,
          serial_glass, glass_columns_b, glass_columns_a, glass_columns_b,
          glass_columns_a, kennysheep_generic_room_16
D:3:      layout_rooms, nicolae_overflow_crystal_walls,
          lemuel_coloured_pillars_altar, gup_sewer_entry_glass
D:4:      layout_gridville, lemuel_crystal_altar
D:5:      layout_basic, riverfiend_overflow_shadow_ancestor,
          chequers_decorated_corner, uniq_eustachio, uniq_pikel
D:6:      layout_basic, overflow_temple_1_default, grunt_temple_overflow_open,
          minmay_temple_entry_hall, serial_glass, glass_columns_a,
          glass_columns_c, chequers_serial_rivers_small_b
D:7:      layout_loops_cross, ashenzari_conservatory_becter
D:8:      layout_basic, okawaru_ov_weapons_minmay, serial_shops, shop
D:9:      layout_loops_cross, erik_lair_orcish_takeover, serial_shops,
          shop_scrolls, minmay_misc_feat_secret_circle
D:10:     layout_roguey, nicolae_trove_entry_path_of_doom
D:11:     layout_loops_ring, st_stairs_7, kennysheep_windowed_goal
D:12:     layout_long_grid, orc_0_dummy, ebering_dispersal_statue_hall,
          chequers_serial_rivers_small_b, grunt_decor_fettered
D:13:     minmay_isolated_rectangles_in_corner, layout_cave_pools,
          hangedman_vaults_entry_quadrant_bands, serial_shops, shop,
          biasface_ghost_orc_armoury
D:14:     due_chaos_kobolds, layout_layer_cave, basic_altar, serial_shops,
          kennysheep_mini
D:15:     grunt_enter_depths_magical_seal, layout_irregular_city,
          minmay_misc_feat_square, uniq_louise
Lair:1:   layout_regular_city, gammafunk_ghost_endoplasm, grunt_megastairs_2,
          uniq_nergalle
Lair:2:   layout_regular_city, skrybe_swamp_entry_bodies,
          gammafunk_ghost_hydra_chop, portal_ice_cave_entry_ice_beasts,
          grunt_megastairs_5, lemuel_fruit_fields
Lair:3:   layout_gridlike, spider_nest_entry_a, gammafunk_ghost_hive,
          serial_bayou_pond_e, cheibrodos_lair_lostbears, serial_bayou_shore_b
Lair:4:   layout_loops_ring
Lair:5:   layout_hall_layers, nicolae_slime_entry_slimehenge,
          chequers_serial_rivers_micro_d, nicolae_lair_grove_arrangements
Lair:6:   hangedman_lair_in_review, layout_big_grid,
          hangedman_lair_caniforms_friends
Swamp:1:  layout_basic_swamp, serial_swamp_ruin, evilmike_swamp_ruin_house_4,
          evilmike_swamp_ruin_house_2, evilmike_swamp_ruin_house_1, swamp_pool3,
          hangedman_swamp_blocks
Swamp:2:  nzn_winding_woodlands_three_and_one
          [nzn_winding_woodlands_5x15_sawtooth,
          nzn_winding_woodlands_5x15_concentric,
          nzn_winding_woodlands_5x15_crooked,
          nzn_winding_woodlands_center_garden], layout_falls_marsh,
          nicolae_swamp_well_well_well, uniq_frances
Orc:1:    layout_caves, serial_shops, shop
Orc:2:    st_orc_mages, layout_caves, nicolae_orc_lava_room

Skill      XL: |  1  2  3  4  5  6  7  8  9 10 11 12 13 14 15 |
---------------+----------------------------------------------+-----
Fighting       | 4 5 6 7 8 9 11 13 14 15 17 18 | 18.3
Axes           | 4 5 6 8 9 11 13 14 16 17 18 19 | 19.6
Armour         | 3 4 5 7 9 10 11 12 14 15 16 | 16.5
Dodging        | 3 4 5 6 |  6.9
Maces & Flails | 2 3 |  3.5
Shields        | 1 2 3 |  3.1
Evocations     | |  0.3

Action                   |  1- 3 |  4- 6 |  7- 9 | 10-12 | 13-15 || total
-------------------------+-------+-------+-------+-------+-------++-------
Melee: Hand axe          |    82 |    70 |       |       |       ||   152
       Headbutt          |    11 |    16 |    40 |    99 |   233 ||   399
       Battleaxe         |       |    29 |   218 |   378 |   206 ||   831
       Dire flail        |       |       |       |     5 |    14 ||    19
       Broad axe         |       |       |       |       |   327 ||   327
       Executioner's axe |       |       |       |       |   266 ||   266
Invok: Berserk           |       |     4 |     7 |    18 |    19 ||    48
       Trog's Hand       |       |     1 |       |     1 |     2 ||     4
       Brothers in Arms  |       |       |     1 |     3 |     3 ||     7
Evoke: Wand              |       |       |       |     3 |       ||     3
  Use: Scroll            |     2 |     2 |     3 |    15 |     9 ||    31
       Potion            |       |       |       |     5 |       ||     5
 Stab: Sleeping          |     1 |       |       |       |       ||     1
       Distracted        |     1 |       |       |       |       ||     1
Armor: Animal skin       |    12 |    15 |       |       |       ||    27
       Chain mail        |       |    27 |   172 |     5 |       ||   204
       Scale mail        |       |       |       |   267 |    29 ||   296
       Plate armour      |       |       |       |       |   461 ||   461
Dodge: Dodged            |    53 |    47 |    92 |   309 |   353 ||   854
Block: Other             |       |       |       |       |   118 ||   118
       Reflection        |       |       |       |       |     2 ||     2

Table legend: (Time is in decaauts)
 A = Elapsed time spent in this place.
 B = Non-inter-level travel time spent in this place.
 C = Inter-level travel time spent in this place.
 D = Time resting spent in this place.
 E = Time spent auto-exploring this place.
 F = Levels seen in this place.
 G = Mean time per level.
                   A        B        C        D        E       F      G
               +--------+--------+--------+--------+--------+-----+--------+
         Total |  28723 |  27131 |   1592 |   3826 |  19299 |  28 | 1025.8 |
       Dungeon |  19160 |  18057 |   1103 |   2294 |  13208 |  15 | 1277.3 |
          Lair |   5818 |   5442 |    376 |    860 |   3874 |   6 |  969.7 |
         Swamp |    624 |    624 |      0 |      0 |    543 |   2 |  312.0 |
  Orcish Mines |   1720 |   1608 |    112 |    248 |   1095 |   2 |  860.0 |
         Abyss |     33 |     33 |      0 |      0 |     13 |   1 |   33.0 |
         Sewer |    410 |    410 |      0 |    221 |     75 |   1 |  410.0 |
      Ice Cave |    955 |    955 |      0 |    201 |    490 |   1 |  955.0 |
               +--------+--------+--------+--------+--------+-----+--------+

Top non-repeatable levels by time:
    D:13: 2393 daAuts
    D:15: 1952 daAuts
    D:14: 1897 daAuts
  Lair:3: 1524 daAuts
    D:12: 1435 daAuts
     D:7: 1414 daAuts
  Lair:5: 1305 daAuts
  Lair:1: 1284 daAuts
    D:10: 1208 daAuts
     D:9: 1204 daAuts
  Lair:4: 1199 daAuts
     D:5: 1156 daAuts
   Orc:2: 1125 daAuts
     D:8: 1101 daAuts
     D:1: 1035 daAuts
